 Dungeon Crawl Stone Soup version 0.21.1-1-g345015f (webtiles) character file.

90 shakethe the Chopper (level 4, -2/39 HPs)
             Began as a Hill Orc Gladiator on Feb 26, 2018.
             Slain by bmj180's ghost (12 damage)
             ... on level 3 of the Dungeon.
             The game lasted 00:02:56 (1520 turns).

shakethe the Chopper (Hill Orc Gladiator)           Turns: 1520, Time: 00:02:56

Health: -2/39      AC:  7    Str: 16    XL:     4   Next: 56%
Magic:  4/4        EV:  7    Int:  9    God:
Gold:   139        SH:  7    Dex: 12    Spells: 3/3 levels left

rFire    . . .     SeeInvis .   a - +0 war axe
rCold    . . .     Gourm    .   q - +0 shield
rNeg     . . .     Faith    .   k - +0 scale mail
rPois    .         Spirit   .   c - +0 helmet
rElec    .         Reflect  .   (no cloak)
rCorr    +         Harm     .   (no gloves)
MR       .....                  (no boots)
Stlth    ..........             (no amulet)
HPRegen  0.13/turn              m - ring of resist corrosion
MPRegen  0.09/turn              l - +5 ring of slaying

@: no status effects
A: no striking features
a: no special abilities


You were on level 3 of the Dungeon.
You were not hungry.

You visited 1 branch of the dungeon, and saw 3 of its levels.

You collected 139 gold pieces.

Inventory:

Hand Weapons
 a - a +0 war axe (weapon)
Missiles
 d - 3 throwing nets {=f, !d}
Armour
 b - a +0 leather armour
 c - a +0 helmet (worn)
 k - a +0 scale mail (worn)
   (You found it on level 1 of the Dungeon)
 q - a +0 shield (worn)
   (You found it on level 2 of the Dungeon)
Jewellery
 l - a +5 ring of slaying (right hand)
   (You found it on level 1 of the Dungeon)
 m - a ring of resist corrosion (left hand)
   (You found it on level 1 of the Dungeon)
Scrolls
 e - 2 scrolls of identify
 g - a scroll of enchant armour {unknown}
 h - a scroll of teleportation
 i - a scroll of enchant weapon {unknown}
 j - a scroll of amnesia
 n - a scroll of random uselessness
 p - a scroll of fear {unknown}
 r - 2 scrolls of remove curse {unknown}
 v - a scroll of magic mapping {unknown}
Potions
 o - a potion of might
 t - a potion of degeneration {unknown}
 u - a potion of heal wounds {unknown}
Comestibles
 f - 4 rations


   Skills:
 + Level 3.6 Fighting
 * Level 5.8 Axes
 - Level 1.7 Throwing
 + Level 0.8 Armour
 - Level 2.4 Dodging
 + Level 0.8 Shields


You had 3 spell levels left.
You didn't know any spells.

Dungeon Overview and Level Annotations

Branches:
Dungeon (3/15)

Altars:
Elyvilon

Annotations:
D:3 bmj180's ghost, amateur MiFi


Message History

You take 1 damage, and have 30/31 hp.
The bat hits you but does no damage. You block the bat's attack.
Your shield and scale mail prevent you from hitting the bat.
The bat barely misses you.
You hit the bat.
You kill the bat!
r - 2 scrolls labeled ZEIRCH VYSO (gained 1)
f - 4 rations (gained 1)
There is a stone staircase leading down here.
Things that are here:
a club x2
You found a teleport trap!
Health restored: 31 You see here a club.
All of the chunks of flesh in your inventory have rotted away.
You see here a helmet.
You see here 3 javelins.
Done exploring.
Done exploring.
(D) Dungeon
Where to? (Enter - D:2, ? - help)
You are feeling hungry.
You butcher the bat corpse.
s - a chunk of flesh {@w0@w0} Eating a chunk of flesh {@w0@w0}.
You eat the chunk of flesh {@w0@w0}.
Done exploring.
Unknown command.
Done exploring.
(D) Dungeon
Where to? (Enter - D:3, ? - help)
There is a stone staircase leading down here.
You climb downwards.
An orc comes into view. It is wielding a trident.
The orc shouts!
There is a stone staircase leading up here.
The orc hits you from afar with a trident.
You take 2 damage, and have 29/31 hp.
You slash the orc!
You kill the orc!
You see here a trident.
Found an escape hatch in the ceiling.
Unknown command.
There is an escape hatch in the ceiling here.
There is a stone staircase leading up here.
A quokka comes into view.
The quokka twitches its whiskers.
Health restored: 31 The quokka bites you but does no damage.
You slash the quokka!
You kill the quokka!
You have reached level 4!
Health restored: 38; MP restored: 4 A quokka comes into view.
You slash the quokka!
You kill the quokka!
You see here a quokka corpse.
Bmj180's ghost (amateur Minotaur Fighter) comes into view.
You now have 126 gold pieces (gained 14).
A bullfrog skeleton comes into view.
You slash the bullfrog skeleton!
You block the bullfrog skeleton's attack.
You slash the bullfrog skeleton!
You block the bullfrog skeleton's attack.
The bullfrog skeleton hits you but does no damage.
You hit the bullfrog skeleton.
You destroy the bullfrog skeleton!
A hobgoblin comes into view.
Health restored: 39 You now have 139 gold pieces (gained 13).
The hobgoblin shouts!
Bmj180's ghost turns its malevolent gaze towards you.
Found 15 gold pieces.
Found a white marble altar of Elyvilon.
A jackal comes into view.
A jackal comes into view.
The jackal barks!
A jackal comes into view.
You hit the hobgoblin.
You kill the hobgoblin!
Unknown command.
Bmj180's ghost barely misses you. You block the jackal's attack. x2
You see here 21 arrows.
The jackal bites you but does no damage.
There is a stone staircase leading up here.
You completely miss bmj180's ghost. You block bmj180's ghost's attack.
Bmj180's ghost hits you!
You take 14 damage, and have 25/39 hp.
MASSIVE DAMAGE!!
You hit bmj180's ghost.
Bmj180's ghost hits you but does no damage.
You hit bmj180's ghost. You block bmj180's ghost's attack.
You closely miss bmj180's ghost. You block bmj180's ghost's attack.
Bmj180's ghost hits you.
You take 5 damage, and have 20/39 hp.
You barely miss bmj180's ghost. Bmj180's ghost hits you!
* * * LOW HITPOINT WARNING * * *
You take 10 damage, and have 10/39 hp.
MASSIVE DAMAGE!!
Bmj180's ghost hits you!
You die...

#...............#
#.####.##.#####.
#.#......#...# #
#.#.#####.##.# .#
##†#.# #.##.##.#
##....# #.##....
####.....# #.##..#
#........# #.##..#
#.##.....#####@..).#
#.......(...hW###.##
#..###.######h###.#
###..# #.# #.....#
#....# #.# #.<####
#.##.# #.## #..#
#?##.# #..# #..#
#.##.# ##.# #..#
..##.# #.# #..#


You could see bmj180's ghost and 2 jackals.

Vanquished Creatures
  A bullfrog skeleton (D:3)
  2 adders (D:2)
  A worm (D:2)
  2 dart slugs (D:2)
  A leopard gecko (D:1)
  An orc (D:3)
  3 giant cockroaches
  6 goblins
  2 hobgoblins
  2 jackals (D:1)
  A kobold (D:2)
  2 quokkas (D:3)
  3 bats
  A frilled lizard (D:1)
  6 rats
34 creatures vanquished.

Notes
Turn   | Place    | Note
-------+----------+-------------------------------------------
     0 | D:1      | shakethe the Hill Orc Gladiator began the quest for the Orb.
     0 | D:1      | Reached XP level 1. HP: 18/18 MP: 1/1
   255 | D:1      | Reached XP level 2. HP: 20/25 MP: 2/2
   676 | D:2      | Reached skill level 3 in Fighting
   676 | D:2      | Reached skill level 5 in Axes
   710 | D:2      | Reached XP level 3. HP: 20/31 MP: 3/3
  1399 | D:3      | Reached XP level 4. HP: 38/38 MP: 4/4
  1430 | D:3      | Noticed bmj180's ghost (amateur MiFi)
  1484 | D:3      | Found a white marble altar of Elyvilon.
  1520 | D:3      | Slain by bmj180's ghost

Skill      XL: |  1  2 |
---------------+-------+-----
Fighting       | 3 |  3.6
Axes           | 5 |  5.8
Throwing       | |  1.7
Armour         | |  0.8
Dodging        | |  2.4
Shields        | |  0.8

Action                   |  1- 3 |  4- 6 || total
-------------------------+-------+-------++-------
Melee: War axe           |    93 |    10 ||   103
  Use: Scroll            |     4 |       ||     4
  Eat: Chunk             |     2 |       ||     2
Armor: Leather armour    |    12 |       ||    12
       Scale mail        |     7 |     3 ||    10
Dodge: Dodged            |    71 |     1 ||    72
Block: Shield            |     2 |     7 ||     9

Vault maps used:
D:1:      dpeg_arrival_prison
D:3:      old_standard_altar

Table legend:
 A = Turns spent in this place as a percentage of turns spent in the entire game.
 B = Non-inter-level travel turns spent in this place as a percentage of non-inter-level travel turns spent in the entire game.
 C = Inter-level travel turns spent in this place as a percentage of turns spent in this place.
 D = Turns resting spent in this place as a percentage of non-inter-level travel turns spent in this place.
 E = Turns spent auto-exploring this place as a percentage of non-inter-level travel turns spent in this place.
 F = Non-inter-level travel turns spent in this place divided by the number of levels of this place that you've seen.
                   A       B       C       D       E      F
               +-------+-------+-------+-------+-------+----------------------
         Total | 100.0 | 100.0 |   2.8 |   9.6 |  62.6 | 492.3
       Dungeon | 100.0 | 100.0 |   2.8 |   9.6 |  62.6 | 492.3
               +-------+-------+-------+-------+-------+----------------------

Table legend:
 A = Kills in this place as a percentage of kills in entire the game.
 B = Kills by you in this place as a percentage of kills by you in the entire game.
 C = Kills by friends in this place as a percentage of kills by friends in the entire game.
 D = Other kills in this place as a percentage of other kills in the entire game.
 E = Experience gained in this place as a percentage of experience gained in the entire game.
 F = Experience gained in this place divided by the number of levels of this place that you have seen.
                   A       B       C       D       E      F
               +-------+-------+-------+-------+-------+----------------------
         Total | 100.0 | 100.0 |   N/A |   N/A | 100.0 |  43.0
       Dungeon | 100.0 | 100.0 |   N/A |   N/A | 100.0 |  43.0
               +-------+-------+-------+-------+-------+----------------------
